 Dungeon Crawl Stone Soup version 0.26-a0-812-g31a745ddcd (webtiles) character file.

Game seed: 10668404270240626740

290 HoaS the Cudgeller (level 6, -4/37 HPs)
             Began as a Gargoyle Fighter on Dec 9, 2020.
             Killed from afar by an orc wizard (10 damage)
             ... with a magic dart
             ... on level 4 of the Dungeon.
             The game lasted 00:07:35 (3369 turns).

HoaS the Cudgeller (Gargoyle Fighter)               Turns: 3369, Time: 00:07:35

Health: -4/37      AC: 19    Str: 22    XL:     6   Next: 32%
Magic:  6/6        EV:  5    Int:  8    God:
Gold:   254        SH: 10    Dex:  9    Spells: 5/5 levels left

rFire    . . .     SeeInvis .   a - +0 flail
rCold    . . .     Faith    .   c - +0 kite shield
rNeg     + . .     Spirit   .   h - +0 chain mail
rPois    ∞         Reflect  .   p - +0 helmet
rElec    +         Harm     .   o - +0 cloak
rCorr    .         Rampage  .   e - +2 pair of gloves
MR       .....                  (no boots)
Stlth    ..........             (no amulet)
HPRegen  0.12/turn              (no ring)
MPRegen  0.10/turn              (no ring)

@: no status effects
A: negative energy resistance 1, electricity resistance, unbreathing,
petrification resistance, rot immunity, AC +4
a: no special abilities


You were on level 4 of the Dungeon.
You visited 1 branch of the dungeon, and saw 4 of its levels.

You collected 254 gold pieces.

Inventory:

Hand Weapons
 a - a +0 flail (weapon)
Armour
 c - a +0 kite shield (worn)
 e - a +2 pair of gloves (worn)
 h - a +0 chain mail (worn)
 o - a +0 cloak (worn)
 p - a +0 helmet (worn)
Wands
 b - a wand of iceblast (9)
 j - a wand of digging (7)
Scrolls
 d - 3 scrolls of identify
 g - 3 scrolls of remove curse
 i - 3 scrolls of teleportation
Potions
 f - 3 potions of flight
 k - a potion of attraction
 l - a potion of curing
 m - a potion of heal wounds
 n - 2 potions of cancellation
 q - 2 potions of brilliance {unknown}


   Skills:
 - Level 3.2 Fighting
 * Level 5.4 Maces & Flails
 - Level 3.2 Armour
 + Level 5.0 Shields


You had 5 spell levels left.
You didn't know any spells.
Your spell library was empty.

Dungeon Overview and Level Annotations

Branches:
Dungeon (4/15)
 Temple: D:4-7

Altars:
Elyvilon
Fedhas
Qazlal
Yredelemnul


Innate Abilities, Weirdness & Mutations

You are resistant to torment.
Your stone body is resilient. (AC +4)
You are immune to poison.
You resist negative energy. (rN+)
You are resistant to electric shocks. (rElec)
You can survive without breathing.
You are immune to petrification.
You are immune to rotting.


Message History

The orc priest is severely wounded.
You block the orc's attack.
The orc wizard looks braver for a moment.
The orc priest calls upon Beogh to heal the orc wizard.
The orc wizard is healed somewhat.
You hit the orc priest.
The orc priest is almost dead.
You block the orc's attack. The orc wizard barely misses you.
The orc priest hits you but does no damage.
You block the orc's attack.
You sock the orc priest!
You kill the orc priest!
Your Shields skill increases to level 5!
The orc wizard gestures at you while chanting.
The magic dart hits you!
* * * LOW HITPOINT WARNING * * *
You block the orc's attack.
The orc wizard points at you and mumbles some strange words.
The magic dart hits you!
You die...

#...# ##.......##.##
#.#. ##[....###.#
#...# ##...## #.##
#.# ### ##'## #...
#.. #.. #.# #..#
#..#.. #.# #..#
..... ##.## #..#
#.o#######...####...
#.o@...#........##.#
##)###.#.#...(.....#
#. #.#.##.###.####
#. #......# #.# ..
###........# ##
##########


You could see an orc wizard and an orc.

Vanquished Creatures
  An orc priest (D:4)
  A worker ant (D:4)
  A hound skeleton (D:4)
  10 adders
  A white imp (D:4)
  An ooze (D:4)
  5 worms
  3 dart slugs
  2 leopard geckos
  8 orcs
  4 giant cockroaches
  6 goblins
  6 hobgoblins
  13 jackals
  4 ball pythons
  5 bats
  5 frilled lizards
  13 kobolds
  5 rats
94 creatures vanquished.

Vanquished Creatures (others)
  4 plants (D:1)
4 creatures vanquished.

Grand Total: 98 creatures vanquished

Notes
Turn   | Place    | Note
-------+----------+-------------------------------------------
     0 | D:1      | HoaS the Gargoyle Fighter began the quest for the Orb.
     0 | D:1      | Reached XP level 1. HP: 14/14 MP: 1/1
   114 | D:1      | Reached XP level 2. HP: 9/19 MP: 2/2
   655 | D:1      | Reached XP level 3. HP: 21/23 MP: 3/3
  1232 | D:2      | Reached XP level 4. HP: 13/28 MP: 4/4
  1782 | D:2      | Reached XP level 5. HP: 21/32 MP: 5/5
  2504 | D:3      | Found a white marble altar of Elyvilon.
  2560 | D:3      | Found a basalt altar of Yredelemnul.
  3077 | D:4      | Reached skill level 5 in Maces & Flails
  3088 | D:4      | Found a stormy altar of Qazlal.
  3101 | D:4      | Found a blossoming altar of Fedhas.
  3154 | D:4      | Reached XP level 6. HP: 37/37 MP: 6/6
  3369 | D:4      | Reached skill level 5 in Shields
  3369 | D:4      | Killed from afar by an orc wizard

Illustrated notes

Levels and vault maps discovered:
D:1:      kennysheep_arrival_seaside, layout_basic, serial_bayou_crossing
D:2:      kennysheep_six_static_rooms, layout_loops_cross
D:3:      layout_basic, kennysheep_ying_yang
D:4:      layout_loops_corners, grunt_temple_overflow_forces_of_nature,
          serial_glass, glass_columns_c, glass_columns_a,
          nicolae_ru_path_of_blood, uniq_menkaure

Skill      XL: |  1  2  3  4  5  6 |
---------------+-------------------+-----
Maces & Flails | 3 4 5 |  5.4
Shields        | 4 5 |  5.0
Fighting       | |  3.2
Armour         | |  3.2

Action                   |  1- 3 |  4- 6 || total
-------------------------+-------+-------++-------
Melee: Flail             |   159 |   273 ||   432
  Use: Potion            |     1 |       ||     1
       Scroll            |     3 |     8 ||    11
Armor: Scale mail        |   103 |       ||   103
       Chain mail        |    21 |   198 ||   219
Dodge: Dodged            |    56 |    62 ||   118
Block: Kite shield       |   110 |   151 ||   261

Table legend: (Time is in decaauts)
 A = Elapsed time spent in this place.
 B = Non-inter-level travel time spent in this place.
 C = Inter-level travel time spent in this place.
 D = Time resting spent in this place.
 E = Time spent auto-exploring this place.
 F = Levels seen in this place.
 G = Mean time per level.
                   A        B        C        D        E       F      G
               +--------+--------+--------+--------+--------+-----+--------+
         Total |   3498 |   3392 |    106 |    631 |   1890 |   4 |  874.5 |
       Dungeon |   3498 |   3392 |    106 |    631 |   1890 |   4 |  874.5 |
               +--------+--------+--------+--------+--------+-----+--------+

Top non-repeatable levels by time:
     D:2: 1106 daAuts
     D:3: 1025 daAuts
     D:1: 945 daAuts
     D:4: 420 daAuts
